SCURSCUM, neutral female scurrid Archeologist --- |Q| | | | | | | | | | | | | | | | | | | | | | | | | | | | | | | | | | | | |@....................[...................................................| |.........................................!....................)..........| |.........................................................................| |%.............--- ....................[...............--- ...| |...............| ...(...........................| |.....|(|.| | --- ............| | | | | --- |.....|---- ......| |.....| | |...... |...... |....... |........ |...<.... |......... |.|.|.|.|. ----------- SCURSCUM the Digger Experience level: 1 Strength: 15 Dexterity: 9 Constitution: 11 Intelligence: 16 Wisdom: 15 Charisma: 9 Health: 0(12) Energy: 2(2) Def: 2 Gold: 0 Moves: 73 Dungeon seed: O4GTCTUMe6MBBCDm Game ID: SCURSCUM_1498607169 Your Inventory: Weapons a - an uncursed +2 bullwhip Armor e - an uncursed +0 leather jacket (being worn) n - an uncursed +0 pair of leather gloves (being worn) Comestibles b - 3 uncursed chestnuts Potions i - an uncursed potion of hallucination Wands d - an uncursed wand of light (0:11) Tools c - an uncursed pair of lenses f - an uncursed sack g - an uncursed tin opener (alternate weapon; not wielded) h - an uncursed oil lamp (0:1490) Gems q - an uncursed touchstone Spells and supernatural/magical abilities: Name Level Category Fail Memory W - pray for help -- divine ? -- Your skills at the end: Miscellaneous Skills wands [Basic] Weapon Skills whip [Basic] Spellcasting Skills Final Attributes: You were devoutly aligned. You had infravision. You were very stealthy. You were fast. You are dead. Voluntary challenges: You went without food. You did not adorn yourself with jewelry or accessories. You did not cause conflict. You were not invisible. You did not have reflection. You were not displaced. You were an atheist. You never hit with a wielded weapon. You were a pacifist. You did not use tools. You did not use plumbed fixtures. You did not drink any magical draughts. You were illiterate. You never genocided any monsters. You never polymorphed an object. You never changed form. You used no wishes. You never split a pudding. You never wrote Elbereth's name. You never violated your personal moral code. Dungeon overview: The Dungeons of Doom: levels 1 to 14 Level 1 a long staircase Level 2 a fountain Level 3 Level 4 a long staircase Level 5 Level 6 Level 7 Level 8 some fountains Level 9 Level 10 Level 11 Level 12 Level 13 Level 14 <- You were here History has recorded: On T:1 you entered the Dungeons of Doom to retrieve the Amulet of Yendor! On T:48 you reached level 2 of The Dungeons of Doom. On T:50 you reached level 3 of The Dungeons of Doom. On T:51 you reached level 4 of The Dungeons of Doom. On T:53 you reached level 5 of The Dungeons of Doom. On T:55 you reached level 6 of The Dungeons of Doom. On T:57 you reached level 7 of The Dungeons of Doom. On T:59 you reached level 8 of The Dungeons of Doom. On T:61 you reached level 9 of The Dungeons of Doom. On T:63 you reached level 10 of The Dungeons of Doom. On T:65 you reached level 11 of The Dungeons of Doom. On T:67 you reached level 12 of The Dungeons of Doom. On T:69 you reached level 13 of The Dungeons of Doom. On T:71 you reached level 14 of The Dungeons of Doom. Score breakdown: Gold: 0 ( 0 points) Experience: 1 level ( 0 points) Exploration: 14 levels ( 390 points) Discoveries: 1 item ( 50 points) Variety of kills: 0 monsters ( 0 points) Major goal: (nothing yet) ( 0 points) Survival: died (score multiplied by 3) Total score: 1320 Latest messages: You are still in a pit. You have no weapon equipped. You continue digging downward. You dig a hole through the floor. You fall through... You start digging downward. You continue digging downward. You dig a pit in the floor. You continue digging downward. You dig a hole through the floor. You fall through... The Grey-elf wields a runed short sword! You start digging downward. The Grey-elf thrusts her runed short sword at you. The Grey-elf stabs you! You continue digging downward. You dig a pit in the floor. The Grey-elf thrusts her runed short sword at you. The Grey-elf stabs you! You die... The sack is empty. The sack is empty. Final status: Goodbye SCURSCUM the Archeologist, killed by a Grey-elf... You died in The Dungeons of Doom on dungeon level 14 with 1320 points, and 0 pieces of gold, after 73 moves. You were level 1 with a maximum of 12 hit points when you died.